 Dungeon Crawl Stone Soup version 0.22-a0-351-g29664b4 (webtiles) character file.

26345 vishdafish the Fighter (level 13, -2/100 HPs)
             Began as an Octopode Berserker on Apr 13, 2018.
             Was a High Priest of Trog.
             Slain by a yak (7 damage)
             ... on level 6 of the Lair of Beasts.
             The game lasted 00:27:07 (18543 turns).

vishdafish the Fighter (Octopode Berserker)        Turns: 18543, Time: 00:27:07

Health: -2/100     AC:  3    Str: 17    XL:     13   Next: 25%
Magic:  13/13      EV:  2    Int: 17    God:    Trog [*****.]
Gold:   935        SH:  0    Dex: 14    Spells: 12/12 levels left

rFire    + . .     SeeInvis +   Q - +3 glaive (holy)
rCold    + . .     Gourm    .   (shield currently unavailable)
rNeg     + + +     Faith    .   l - +2 hat
rPois    ∞         Spirit   .   (no amulet)
rElec    .         Reflect  .   z - ring of see invisible
rCorr    .         Harm     .   I - +4 ring of intelligence
MR       .....                  t - ring of protection from fire
Stlth    +++.......             x - ring of poison resistance
HPRegen  0.26/turn              (no ring)
MPRegen  0.13/turn              (no ring)
                                (no ring)
                                (no ring)

@: petrified
A: almost no armour, stealthy swim, amphibious, 8 rings, constrict 8, tentacle
spike 1, repulsion field 1, camouflage 1, agile 1, cold resistance 1, gelatinous
body 1
a: Berserk, Trog's Hand, Brothers in Arms, Renounce Religion


You were on level 6 of the Lair of Beasts.
You worshipped Trog.
Trog was extremely pleased with you.
You were not hungry.

You visited 2 branches of the dungeon, and saw 16 of its levels.

You collected 935 gold pieces.

Inventory:

Hand Weapons
 G - a +0 trident of venom
 H - a +2 fustibalus of velocity
 Q - a +3 glaive of holy wrath (weapon)
Missiles
 h - 127 sling bullets
 u - 9 javelins of penetration (quivered)
Armour
 l - a +2 hat (worn)
Magical Staves
 K - an uncursed staff of air
Jewellery
 t - a ring of protection from fire (on tentacle)
 x - a ring of poison resistance (on tentacle)
 z - a ring of see invisible (left tentacle)
 I - a +4 ring of intelligence (right tentacle)
Wands
 i - a wand of paralysis (21)
 m - a wand of acid (2)
 p - a wand of iceblast (11)
 E - a wand of random effects (30)
Scrolls
 c - 2 scrolls of amnesia {unknown}
 d - 2 scrolls of enchant armour
 e - 5 scrolls of magic mapping
 f - 6 scrolls of remove curse
 k - 5 scrolls of teleportation
 s - a scroll of enchant weapon
 v - a scroll of fog {unknown}
 y - a scroll of random uselessness {unknown}
 A - a scroll of immolation {unknown}
 L - 3 scrolls of identify
 M - a scroll of blinking {unknown}
 P - a scroll of noise {unknown}
Potions
 g - 3 potions of curing
 j - 2 potions of resistance
 n - 3 potions of might
 o - 2 potions of magic {unknown}
 q - 5 potions of mutation
 r - 3 potions of haste
 w - a potion of experience {unknown}
 B - 4 potions of agility
 C - 2 potions of berserk rage
 D - 3 potions of brilliance
 N - a potion of cancellation {unknown}
 O - a potion of lignification
Miscellaneous
 F - a phial of floods
 J - a phial of floods
Comestibles
 b - 17 rations


   Skills:
 + Level 13.6 Fighting
 + Level 13.6 Polearms
 - Level 6.6(6.8) Slings
 - Level 1.8(4.5) Throwing
 - Level 8.6 Dodging
 - Level 1.1 Stealth


You had 12 spell levels left.
You didn't know any spells.

Dungeon Overview and Level Annotations

Branches:
Dungeon (10/15)            Temple (0/1) D:4            Lair (6/6) D:10
 Shoals (0/4) Lair:3       Spider (0/4) Lair:2        Slime (0/5) Lair:5
    Orc: D:9-12

Altars:
Cheibriados
Gozag
Okawaru
Ru
Vehumet
Xom
Yredelemnul
Zin
Jiyva

Shops:
D:4 *


Innate Abilities, Weirdness & Mutations

You cannot wear most types of armour.
You are very stealthy in the water. (Stealth+)
You are amphibious.
You can wear up to eight rings at the same time.
You can use your tentacles to constrict eight enemies at once.
Your skin changes colour to match your surroundings (Stealth+).
Your rubbery body absorbs attacks. (AC +1, EV +1)
One of your tentacles bears a spike.
You are surrounded by a mild repulsion field. (EV +2)
You are agile. (Dex +2)
Your flesh is cold resistant. (rC+)


Message History

The yak gores you! x3
The yak gores you!
* * * LOW HITPOINT WARNING * * *
The basilisk bites you!
* * * LOW HITPOINT WARNING * * *
The yak gores you!
* * * LOW HITPOINT WARNING * * *
The yak gores you!
* * * LOW HITPOINT WARNING * * *
The yak gores you.
* * * LOW HITPOINT WARNING * * *
The yak gores you.
* * * LOW HITPOINT WARNING * * *
The yak gores you.
* * * LOW HITPOINT WARNING * * *
The yak barely misses you. The yak gores you.
* * * LOW HITPOINT WARNING * * *
The yak gores you!
You die...

...............
...............
...............
...............
...............
......lS.......
......YlY......
......Y@Y......
...............
...........#...
............# .
.P............
.........?.....
..........##.#.
########### ##


You could see a komodo dragon, 4 yaks, a basilisk and a water moccasin.

Vanquished Creatures
  Gastronok (Lair:1)
  A hydra (Lair:5)
  2 two-headed ogres
  Sonja (Lair:1)
  Nergalle (Lair:1)
  An ugly thing (D:8)
  3 black mambas
  A merfolk siren (Lair:3)
  4 elephants (Lair:5)
  8 spiny frogs
  An efreet (D:8)
  2 rime drakes
  2 komodo dragons
  A jumping spider (Lair:2)
  A hornet (D:8)
  9 blink frogs
  8 hippogriffs
  A slime creature (Lair:5)
  2 redbacks (Lair:2)
  Sigmund (D:3)
  2 wyverns
  A human (D:10)
  18 yaks
  4 basilisks
  2 hungry ghosts
  A soldier ant (D:10)
  10 water moccasins
  Duvessa (D:7)
  7 porcupines
  2 orc warriors
  A phantom (D:9)
  10 wolves
  An ice beast (D:8)
  5 ogres
  2 centaurs
  An eye of draining (D:8)
  8 crocodiles
  14 bullfrogs
  Dowan (D:7)
  2 scorpions
  5 wights (D:8)
  3 electric eels (Lair:2)
  2 howler monkeys
  A bullfrog zombie (D:6)
  4 hounds
  5 orc priests
  2 jellies
  11 orc wizards
  Crazy Yiuf (D:3)
  3 bullfrog skeletons
  3 centaur skeletons
  An iguana (D:4)
  5 hell rats (Lair:3)
  4 worker ants
  A killer bee zombie (D:8)
  A hound skeleton (D:7)
  10 adders
  3 gnolls (D:5)
  4 shadow imps
  An ooze (D:3)
  2 adder skeletons
  3 worms (D:2)
  3 dart slugs
  3 leopard geckos
  22 orcs
  5 giant cockroaches
  7 goblins
  11 hobgoblins
  10 jackals
  A quokka (D:8)
  2 ball pythons (D:2)
  6 bats
  3 frilled lizards (D:4)
  8 kobolds
  5 rats
  A plant (Lair:3)
306 creatures vanquished.

Vanquished Creatures (others)
  8 fungi (Lair:5)
  6 plants (Lair:5)
14 creatures vanquished.

Grand Total: 320 creatures vanquished

Notes
Turn   | Place    | Note
-------+----------+-------------------------------------------
     0 | D:1      | vishdafish the Octopode Berserker began the quest for the Orb.
     0 | D:1      | Reached XP level 1. HP: 16/16 MP: 1/1
   142 | D:1      | Reached XP level 2. HP: 19/21 MP: 2/2
   378 | D:1      | Reached skill level 1 in Stealth
   378 | D:1      | Reached XP level 3. HP: 26/26 MP: 3/3
   640 | D:2      | Reached ** piety under Trog
   950 | D:2      | Reached XP level 4. HP: 31/33 MP: 4/4
  1443 | D:3      | Noticed Sigmund
  1451 | D:3      | Killed Sigmund
  1451 | D:3      | Reached XP level 5. HP: 38/38 MP: 5/5
  1451 | D:3      | Reached XP level 6. HP: 44/44 MP: 6/6
  1634 | D:3      | Found a runed door.
  2518 | D:3      | Noticed Crazy Yiuf
  2521 | D:3      | Killed Crazy Yiuf
  2645 | D:4      | Found a staircase to the Ecumenical Temple.
  2667 | D:4      | Reached *** piety under Trog
  2678 | D:4      | Reached skill level 5 in Fighting
  2678 | D:4      | Reached skill level 5 in Polearms
  2680 | D:4      | Reached XP level 7. HP: 33/50 MP: 7/7
  2840 | D:4      | Found an opulent altar of Gozag.
  2902 | D:4      | Reached skill level 5 in Dodging
  2918 | D:4      | Found Zin's Purification Station.
  2921 | D:4      | Found a glowing silver altar of Zin.
  3198 | D:5      | Entered Level 5 of the Dungeon
  3229 | D:5      | Received a gift from Trog
  3568 | D:5      | Reached XP level 8. HP: 57/57 MP: 8/8
  4225 | D:6      | Gained mutation: You are agile. (Dex +2) [potion of mutation]
  4225 | D:6      | Gained mutation: Your flesh is cold resistant. (rC+) [potion of mutation]
  4225 | D:6      | Gained mutation: You are surrounded by a mild repulsion field. (EV +2) [potion of mutation]
  4225 | D:6      | Gained mutation: One of your tentacles bears a spike. [potion of mutation]
  5285 | D:7      | Noticed Duvessa
  5287 | D:7      | Noticed Dowan
  5290 | D:7      | Killed Duvessa
  5290 | D:7      | Reached XP level 9. HP: 64/64 MP: 9/9
  5292 | D:7      | Killed Dowan
  5509 | D:7      | Found a snail-covered altar of Cheibriados.
  5514 | D:7      | Found an iron altar of Okawaru.
  6028 | D:8      | Found a shimmering altar of Xom.
  6029 | D:8      | Found an opulent altar of Gozag.
  6042 | D:8      | Noticed a red ugly thing
  6062 | D:8      | Killed a red ugly thing
  6306 | D:8      | Noticed a hornet
  6325 | D:8      | Killed a hornet
  6640 | D:8      | Reached XP level 10. HP: 30/73 MP: 10/10
  7090 | D:8      | Received a gift from Trog
  7246 | D:8      | Found a sacrificial altar of Ru.
  7411 | D:8      | Found a radiant altar of Vehumet.
  7432 | D:8      | Found a basalt altar of Yredelemnul.
  7564 | D:8      | Reached skill level 1 in Throwing
  8038 | D:9      | Noticed a two-headed ogre
  8049 | D:9      | Killed a two-headed ogre
  8049 | D:9      | Reached skill level 1 in Slings
  8694 | D:10     | Entered Level 10 of the Dungeon
  8728 | D:10     | Reached **** piety under Trog
  8819 | D:10     | Found a staircase to the Lair.
  9206 | D:10     | Noticed a two-headed ogre
  9216 | D:10     | Killed a two-headed ogre
  9216 | D:10     | Reached skill level 10 in Fighting
  9216 | D:10     | Reached skill level 10 in Polearms
  9216 | D:10     | Reached XP level 11. HP: 77/81 MP: 11/11
  9592 | Lair:1   | Entered Level 1 of the Lair of Beasts
  9827 | Lair:1   | Reached skill level 5 in Slings
 10014 | Lair:1   | Noticed Gastronok
 10047 | Lair:1   | Killed Gastronok
 10059 | Lair:1   | Noticed Sonja
 10287 | Lair:1   | Paralysed by Sonja for 3 turns
 10934 | Lair:1   | Killed Sonja
 11041 | Lair:1   | Noticed Nergalle
 11050 | Lair:1   | Killed Nergalle
 11864 | Lair:2   | Reached XP level 12. HP: 70/90 MP: 12/12
 12398 | Lair:2   | Reached ***** piety under Trog
 12405 | Lair:2   | Received a gift from Trog
 12572 | Lair:2   | Found a hole to the Spider Nest.
 13844 | Lair:3   | Found a staircase to the Shoals.
 16151 | Lair:5   | Noticed a six-headed hydra
 17146 | Lair:5   | Reached XP level 13. HP: 99/99 MP: 13/13
 17462 | Lair:5   | Received a gift from Trog
 17806 | Lair:5   | Found a runed door.
 17809 | Lair:5   | Found a viscous altar of Jiyva.
 17810 | Lair:5   | Found a staircase to the Slime Pits.
 17957 | Lair:5   | HP: 2/148 [six-headed hydra (8)]
 18532 | Lair:6   | Entered Level 6 of the Lair of Beasts
 18543 | Lair:6   | HP: 5/100 [yak (1)]
 18543 | Lair:6   | Slain by a yak

Vault maps used:
D:1:      dpeg_arrival_rhombus
D:3:      minmay_wonky_spiral, uniq_crazy_yiuf_cottage, uniq_sigmund
D:4:      zin_purify, minmay_temple_entry_water_ring, first_ration,
          nicolae_gozag_cash_rules_everything_around_me
D:7:      gammafunk_temple_overflow_statue, uniq_duvessa
D:8:      minmay_the_grid_octo_triangle, nicolae_ru_sacrificial_ziggurat
D:10:     david_lair_generic, grunt_pizzeria, corexii_checkpoint_b
Lair:1:   lemuel_fruit_tree, serial_bayou_shore_b, uniq_sonja, uniq_gastronok,
          uniq_nergalle
Lair:2:   spider_nest_entry_a, serial_bayou_lagoon_b
Lair:3:   minmay_shoals_entry_lonely_mermaid, serial_forest,
          infiniplex_forest_clump_double, infiniplex_forest_straight_1,
          infiniplex_forest_pool, infiniplex_forest_end_3,
          infiniplex_forest_lined_3, infiniplex_forest_lined_room_,
          infiniplex_forest_clump_long, infiniplex_forest_clump_medium
Lair:5:   slime_altar_2
Lair:6:   grunt_lair_end_beastmaster, serial_bayou_shore_b,
          infiniplex_staircase_pool

Skill      XL: |  1  2  3  4  5  6  7  8  9 10 11 12 |
---------------+-------------------------------------+-----
Stealth        | 1 |  1.1
Fighting       | 4 5 7 8 10 11 13 | 13.6
Polearms       | 4 5 7 8 10 11 13 | 13.6
Dodging        | 4 5 7 8 |  8.6
Throwing       | 1 |  1.8
Slings         | 4 6 |  6.6

Action                   |  1- 3 |  4- 6 |  7- 9 | 10-12 | 13-15 || total
-------------------------+-------+-------+-------+-------+-------++-------
Melee: Spear             |    86 |    69 |       |       |       ||   155
       Constrict         |    15 |    20 |    32 |    66 |     6 ||   139
       Tentacles         |     7 |    16 |    40 |   128 |    18 ||   209
       Quarterstaff      |       |    20 |    64 |       |       ||    84
       Hand axe          |       |       |    23 |       |       ||    23
       Trident           |       |       |   102 |   507 |    54 ||   663
       Kick              |       |       |    48 |   181 |    30 ||   259
       Glaive            |       |       |       |       |    12 ||    12
 Fire: Fustibalus        |       |       |       |    13 |       ||    13
Throw: Javelin           |       |       |    11 |     2 |       ||    13
Invok: Berserk           |     1 |     2 |    10 |    23 |     3 ||    39
Evoke: Wand              |       |       |     1 |     6 |       ||     7
  Use: Potion            |     1 |       |     1 |     3 |       ||     5
       Scroll            |       |       |     6 |    10 |       ||    16
 Stab: Sleeping          |     8 |     3 |     7 |    11 |     2 ||    31
       Distracted        |       |       |     1 |     4 |       ||     5
  Eat: Chunk             |     1 |     6 |     8 |    26 |     4 ||    45
       Ration            |       |       |     5 |     8 |     1 ||    14
Armor: Skin              |    13 |     3 |     2 |    15 |       ||    33
Dodge: Dodged            |    36 |    29 |   144 |   245 |    29 ||   483

Table legend:
 A = Spawn XP
 B = Non-spawn XP
 C = Spawn XP percentage of total XP
 D = Spawn monster count
 E = Non-spawn monster count
 F = Spawn count percentage of total count
 G = Total turns spent on level
                    A         B        C        D         E        F      G
               +---------+---------+-------+---------+---------+-------+---------
         Total |       0 |   37636 |   0.0 |       0 |     305 |   0.0 | 18543
               +---------+---------+-------+---------+---------+-------+---------
           D:1 |       0 |      42 |   0.0 |       0 |      22 |   0.0 |   819
           D:2 |       0 |      68 |   0.0 |       0 |      22 |   0.0 |   450
           D:3 |       0 |     369 |   0.0 |       0 |      17 |   0.0 |  1348
           D:4 |       0 |     524 |   0.0 |       0 |      25 |   0.0 |   581
           D:5 |       0 |     323 |   0.0 |       0 |      11 |   0.0 |   867
           D:6 |       0 |     292 |   0.0 |       0 |      10 |   0.0 |   699
           D:7 |       0 |    1063 |   0.0 |       0 |      23 |   0.0 |   980
           D:8 |       0 |    2841 |   0.0 |       0 |      25 |   0.0 |  2161
           D:9 |       0 |    1462 |   0.0 |       0 |      12 |   0.0 |   791
          D:10 |       0 |    3022 |   0.0 |       0 |      22 |   0.0 |   896
        Lair:1 |       0 |    6644 |   0.0 |       0 |      16 |   0.0 |  1751
        Lair:2 |       0 |    5094 |   0.0 |       0 |      28 |   0.0 |  1512
        Lair:3 |       0 |    2893 |   0.0 |       0 |      21 |   0.0 |  1588
        Lair:4 |       0 |    3858 |   0.0 |       0 |      20 |   0.0 |  1747
        Lair:5 |       0 |    9141 |   0.0 |       0 |      31 |   0.0 |  2345
               +---------+---------+-------+---------+---------+-------+---------
